Map: Overgrown Facility

Players

joe

  • Race: Protoss Protoss
  • League: Diamond
  • Spawn Location: 9:00

JimmyRussels

  • Race: Zerg Zerg
  • Spawn Location: 7:00

MonstroTown

  • Race: Terran Terran
  • Spawn Location: 3:00

Michael

  • Race: Zerg Zerg
  • League: Gold
  • Spawn Location: 1:00

VOD

Have the link to the VOD?

Description

Time

  • Played on: Sept. 16, 2018, 2:27 a.m.
  • Length: 2:41
Show
View Real Time Build Order
Export as new Build Order

joe Protoss 

Build Orders: Cannon Rush 

Get SALT Encoding   

  12  0:08  Probe  
  13  0:16  Probe  
  14  0:27  Pylon  
  14  0:32  Probe  
  15  0:45  Probe  
  15  0:49  Forge  
  16  0:57  Probe  
  17  1:05  Pylon  
  17  1:11  Probe  
  17  1:18  Assimilator  
  18  1:19  Probe  
  18  1:23  Photon Cannon  
  19  1:35  Pylon  
  19  1:40  Photon Cannon  
  19  1:54  Photon Cannon  
  19  2:00  Photon Cannon  
  19  2:16  Probe  
  20  2:28  Probe  
Show
View Real Time Build Order
Export as new Build Order

JimmyRussels Zerg 

Build Orders: Pool Only 

Get SALT Encoding   

  12  0:03  Drone  
  13  0:08  Drone  
  14  0:27  Extractor  
  13  0:35  Spawning Pool  
  12  0:38  Drone x2  
  14  0:46  Overlord  
  14  1:22  Zergling x6  
  14  1:24  Queen  
  19  1:33  Zergling x2  
  20  1:45  Zergling x2  
  21  2:00  Zergling x2  
  22  2:17  Overlord  
Show
View Real Time Build Order
Export as new Build Order

MonstroTown Terran 

Build Orders:  

Get SALT Encoding   

  12  0:01  SCV  
  13  0:14  SCV  
  13  0:20  Supply Depot  
  14  0:26  SCV  
  15  0:32  Refinery  
  15  0:42  SCV  
  16  0:47  Barracks  
  16  0:54  SCV  
  17  1:16  SCV  
  18  1:20  Barracks  
  18  1:39  SCV  
  19  1:54  Factory  
  19  1:55  Orbital Command  
  19  2:03  Marine  
  19  2:07  Supply Depot  
  20  2:14  Barracks Tech Lab  
  20  2:18  Supply Depot  
Show
View Real Time Build Order
Export as new Build Order

Michael Zerg 

Build Orders: Pool First 

Get SALT Encoding   

  12  0:01  Drone  
  13  0:14  Overlord  
  13  0:18  Drone  
  14  0:32  Drone x2  
  16  0:36  Drone  
  16  0:42  Extractor  
  16  0:46  Drone  
  17  0:53  Spawning Pool  
  16  0:57  Drone  
  17  1:08  Drone  
  18  1:30  Hatchery  
  18  1:31  Drone  
  18  1:34  Drone  
  19  1:43  Zergling x2  
  20  1:54  Zergling x2  
Tags
 
Add a new tag
Caveats
  • Supply blocks, unpowered buildings, or Contaminate may cause inaccurate times.
  • Supply counts are checked every 10 seconds.